 Dungeon Crawl Stone Soup version 0.31-a0-1300-gb6740aa4e6 (webtiles) character file.

Game seed: 6215473192590558835

5 JohnnyKeats the Stinger (level 1, -3/15 HPs)
             Began as a Djinni Ice Elementalist on Dec 19, 2023.
             Slain by an orc
             ... wielding a +0 hand axe
              (5 damage)
             ... on level 3 of the Dungeon.
             The game lasted 00:07:22 (299 turns).

JohnnyKeats the Stinger (Djinni Ice Elementalist)    Turns: 299, Time: 00:07:22

Health: -3/15      AC:  2    Str:  7    XL:     1   Next: 88%
Gold:   27         EV: 12    Int: 16    God:
                   SH:  0    Dex: 13

rFire   + + .        (no weapon)
rCold   x . .        (no shield)
rNeg    . . .        a - +0 robe
rPois   ∞            (no helmet)
rElec   .            (no cloak)
rCorr   .            (no gloves)
SInv    .            (boots unavailable)
Will    .....        (no amulet)
Stlth   ++           (no ring)
HPRegen 0.22/turn    (no ring)
MPRegen 0.00/turn

%: infuse magic (-4 HP)
@: flying
A: sickness immunity, fire resistance 2, cold vulnerability 1, float, innate
caster, HP casting, extra vitality 1
a: no special abilities


You were on level 3 of the Dungeon.
You visited 1 branch of the dungeon, and saw 3 of its levels.

You collected 27 gold pieces.

Inventory:

Missiles
 c - 9 stones
Armour
 a - a +0 robe (worn)
Potions
 b - a potion of brilliance {unknown}


   Skills:
 + Level 2.5 Dodging
 + Level 1.8 Stealth
 + Level 3.4 Spellcasting
 + Level 3.4 Conjurations
 + Level 3.4 Hexes
 + Level 3.4 Summonings
 + Level 3.4 Necromancy
 + Level 3.4 Translocations
 + Level 3.4 Transmutations
 + Level 3.4 Fire Magic
 + Level 3.4 Ice Magic
 + Level 3.4 Air Magic
 + Level 3.4 Earth Magic
 + Level 3.4 Poison Magic


You knew the following spells:

 Your Spells              Type           Power      Damage    Failure   Level
a - Freeze                Ice            52%        1d6       4%          1
b - Frozen Ramparts       Ice            26%        1d4       13%         3
c - Ozocubu's Armour      Ice            13%        N/A       13%         3
d - Summon Ice Beast      Ice/Summ       13%        N/A       41%         4
Your spell library was empty.

Dungeon Overview and Level Annotations

Branches:
Dungeon (3/15)

Altars:


Innate Abilities, Weirdness & Mutations

You are immune to sickness and miasma.
You are immune to poison.
Your flesh is very heat resistant. (rF++)
You are vulnerable to cold. (rC-)
You float through the air rather than walking.
You learn spells naturally, not from books.
Your magical power is your life essence.
You have superior vitality. (+4 MHP)


Message History

c - 9 stones Unknown command.
A kobold comes into view. It is wielding a +0 dagger.
Found 3 scrolls labelled WAUDUL XASYM.
A quokka comes into view.
Found an escape hatch in the floor.
An endoplasm comes into view.
The endoplasm quivers.
Casting: Freeze (safe; 4% risk of failure)
Confirm with . or Enter, or press ? or * to list all spells.
Aiming: Freeze (safe; 4% risk of failure)
Press: ? - help, Shift-Dir - straight line, f - endoplasm
Aim: an endoplasm You freeze the endoplasm.
You kill the endoplasm!
There is an escape hatch in the floor here.
HP restored.
You fly downwards.
The hatch slams shut behind you.
The orc shouts! x2; You hear a loud squeak.
Found 29 gold pieces and a ruby potion.
Found two stone staircases leading down.
A rat comes into view.
Found a club and 5 stones.
The orc shouts!
The bat barely misses you. The bat misses you. The bat completely misses you.
The orc attacks as it pursues you! The orc barely misses you.
The bat barely misses you. The bat misses you. The bat closely misses you.
The orc hits you with a +0 falchion. The bat barely misses you.
The orc closely misses you.
You see here a ruby potion.
The orc attacks as it pursues you! The orc hits you with a +0 hand axe.
The orc hits you with a +0 mace. The bat misses you.
The orc attacks as it pursues you! The orc hits you with a +0 mace.
* * * LOW HITPOINT WARNING * * *
The orc attacks as it pursues you! The orc barely misses you.
The bat barely misses you. The orc hits you with a +0 hand axe.
You die...

...............
.....>........
#..........#
##..........#
........>..#
##........##
#..........#
#....o....$#
#.@b..r....#
#..ooo.....#
#..o.......#
##........##
##......##
########


You could see 5 orcs, a bat and a rat.

Vanquished Creatures
  2 endoplasms
  A quokka (D:2)
  A bat (D:2)
  A frilled lizard (D:1)
5 creatures vanquished.

Notes
Turn   | Place    | Note
-------+----------+-------------------------------------------
     0 | D:1      | JohnnyKeats the Djinni Ice Elementalist began the quest for
                  | the Orb.
     0 | D:1      | JohnnyKeats set off with the following spells memorised:
                  | Freeze, Frozen Ramparts, Ozocubu's Armour, Summon Ice
                  | Beast.
     0 | D:1      | Reached XP level 1. HP: 15/15 MP: 0/0
   299 | D:3      | Slain by an orc

Illustrated notes

Levels and vault maps discovered:
D:1:      shiori_shiawase, layout_loops_ring, minmay_pentomino_s2
D:2:      layout_loops_cross, minmay_snake_closets, uniq_sigmund, uniq_jessica
D:3:      layout_rooms, mainiacjoe_overflow_six_doors_small,
          kennysheep_generic_room_4

Action                     || total
---------------------------++-------
   Cast: Freeze            ||     8
 Armour: Robe              ||     8
  Dodge: Dodged            ||    14

Table legend: (Time is in decaauts)
 A = Elapsed time spent in this place.
 B = Non-inter-level travel time spent in this place.
 C = Inter-level travel time spent in this place.
 D = Time resting spent in this place.
 E = Time spent auto-exploring this place.
 F = Levels seen in this place.
 G = Mean time per level.
                   A        B        C        D        E       F      G
               +--------+--------+--------+--------+--------+-----+--------+
         Total |    298 |    298 |      0 |      0 |     36 |   3 |   99.3 |
       Dungeon |    298 |    298 |      0 |      0 |     36 |   3 |   99.3 |
               +--------+--------+--------+--------+--------+-----+--------+

Top non-repeatable levels by time:
     D:2: 146 daAuts
     D:1: 140 daAuts
     D:3: 11 daAuts
